 Dungeon Crawl Stone Soup version 0.19.3-4-gbf9329e (webtiles) character file.

848 Mefis the Magician (level 7, -6/36 HPs)
             Began as a Deep Elf Wizard on Jan 28, 2017.
             Was an Initiate of Sif Muna.
             Shot with an arrow by a centaur (11 damage)
             ... on level 6 of the Dungeon.
             The game lasted 00:13:03 (6860 turns).

Mefis the Magician (Deep Elf Wizard)                Turns: 6860, Time: 00:13:04

Health: -6/36      AC:  5    Str:  4    XL:     7   Next: 69%
Magic:  2/19       EV: 14    Int: 25    God:    Sif Muna [......]
Gold:   121        SH:  0    Dex: 13    Spells: 7 memorised, 5 levels left

rFire  . . .     SeeInvis +     x - +2 dagger (venom)
rCold  . . .     Gourm    .     a - +0 robe
rNeg   . . .     Faith    .     (no shield)
rPois  +         Spirit   .     t - +1 helmet {SInv}
rElec  .         Reflect  .     g - +0 cloak
rCorr  .         Harm     .     (no gloves)
MR     .....                    (no boots)
Stlth  +++.......               (no amulet)
                                (no ring)
                                w - ring of poison resistance

@: no status effects
A: no striking features
a: Renounce Religion


You were on level 6 of the Dungeon.
You worshipped Sif Muna.
Sif Muna was noncommittal.
You were not hungry.

You visited 2 branches of the dungeon, and saw 7 of its levels.

You collected 145 gold pieces.
You spent 24 gold pieces at shops.

Inventory:

Hand Weapons
 f - a +0 short sword
 r - a +0 hunting sling
 x - a +2 dagger of venom (weapon)
Missiles
 h - 18 sling bullets
 y - 2 throwing nets (quivered)
Armour
 a - a +0 robe (worn)
 b - a +0 hat
 g - a +0 cloak (worn)
 t - a +1 helmet of see invisible (worn)
Jewellery
 w - a ring of poison resistance (left hand)
 A - an uncursed ring of stealth {unknown}
Scrolls
 e - a scroll of noise
 i - 6 scrolls of remove curse
 k - a scroll of amnesia {unknown}
 l - a scroll of fear {unknown}
 m - 2 scrolls of recharging {unknown}
 p - a scroll of fog {unknown}
 q - a scroll of teleportation {unknown}
 v - a scroll of enchant weapon {unknown}
 z - a scroll of magic mapping {unknown}
 C - a scroll of identify
Potions
 j - 4 potions of degeneration
 n - 3 potions of flight
 s - a potion of magic {unknown}
Books
 c - a book of Minor Magic

   Spells                             Type                      Level
   a - Magic Dart                     Conjuration                  1
   b - Blink                          Translocation                2
   c - Call Imp                       Summoning                    2
   d - Repel Missiles                 Charms/Air                   2
   e - Slow                           Hexes                        2
   f - Conjure Flame                  Conjuration/Fire             3
   g - Mephitic Cloud                 Conjuration/Poison/Air       3
Comestibles
 d - a bread ration
 o - 5 meat rations
 u - 2 slices of pizza
 B - a fruit


   Skills:
 + Level 4.8 Dodging
 - Level 4.4 Stealth
 * Level 7.2 Spellcasting
 + Level 3.1 Conjurations
 + Level 2.0 Hexes
 + Level 1.7 Charms
 + Level 1.5 Summonings
 - Level 1.1 Translocations
 + Level 3.2 Air Magic
 + Level 2.5 Poison Magic
 + Level 0.7 Invocations


You had 5 spell levels left.
You knew the following spells:

 Your Spells              Type           Power        Failure   Level  Hunger
a - Magic Dart            Conj           ###.         1%          1    None
b - Call Imp              Summ           ###.....     8%          2    None
c - Blink                 Tloc           N/A          10%         2    None
d - Repel Missiles        Chrm/Air       ###...       4%          2    None
e - Mephitic Cloud        Conj/Pois/Air  ###.....     8%          3    None
f - Conjure Flame         Conj/Fire      ###.....     12%         3    None
g - Slow                  Hex            ###.....     6%          2    None


Dungeon Overview and Level Annotations

Branches:
Dungeon (6/15)             Temple (1/1) D:4

Altars:
Ashenzari
Cheibriados
Dithmenos
Elyvilon
Fedhas
Gozag
Hepliaklqana
Kikubaaqudgha
Makhleb
Nemelex Xobeh
Okawaru
Qazlal
Ru
Sif Muna
Trog
Uskayaw
Vehumet
Xom
Yredelemnul
Zin
The Shining One

Shops:
D:4 *=

Annotations:
D:3 Alarkh's ghost, amateur DsMo


Message History

The centaur is moderately wounded.
The centaur shoots an arrow.
The arrow is repelled.
Casting: Magic Dart
Confirm with . or Enter, or press ? or * to list all spells.
Aiming: Magic Dart
Press: ? - help, Shift-Dir - straight line, f/p - centaur
Aim: a centaur, wielding a shortbow (moderately wounded)
The magic dart hits the centaur.
The centaur is moderately wounded.
The centaur shoots an arrow.
The arrow closely misses you.
The centaur shoots an arrow.
The arrow barely misses you.
Okay, then.
Okay, then.
Unknown command.
You see here 3 arrows.
The centaur shoots an arrow.
The arrow is repelled.
You feel less protected from missiles.
You see here an arrow.
The centaur shoots an arrow.
The arrow hits you!
You die...

#.....###.....##
#.....# ##...##
#....## #####
#.....# #....##
#...## #...#
##...# #..@.#
##..(## #.((.#
#.(..# #.....#
#........
#...........
#.c.$.......
..........$c


You could see a centaur.

Vanquished Creatures
  An ogre (D:3)
  2 bullfrogs (D:6)
  A scorpion (D:4)
  A howler monkey (D:3)
  A crimson imp (D:6)
  A bullfrog zombie (D:4)
  2 orc priests (D:4)
  A bullfrog skeleton (D:6)
  3 orc wizards
  2 worker ants
  A worker ant zombie (D:4)
  Robin (D:2)
  6 gnolls
  7 adders
  4 worms
  3 dart slugs
  3 leopard geckos
  11 orcs
  A ball python (D:2)
  4 bats
  4 giant cockroaches
  18 goblins
  13 hobgoblins
  10 jackals
  10 frilled lizards
  9 kobolds
  A leopard gecko skeleton (D:4)
  7 rats
128 creatures vanquished.

Vanquished Creatures (collateral kills)
  A gnoll (D:2)
  A kobold (D:2)
2 creatures vanquished.

Grand Total: 130 creatures vanquished

Notes
Turn   | Place    | Note
-------+----------+-------------------------------------------
     0 | D:1      | Mefis the Deep Elf Wizard began the quest for the Orb.
     0 | D:1      | Reached XP level 1. HP: 10/10 MP: 7/7
   329 | D:1      | Reached XP level 2. HP: 15/15 MP: 5/9
   333 | D:1      | Learned a level 2 spell: Call Imp
   336 | D:1      | Learned a level 2 spell: Blink
   339 | D:1      | Learned a level 2 spell: Repel Missiles
  1423 | D:2      | Reached XP level 3. HP: 19/19 MP: 9/11
  1452 | D:2      | Learned a level 3 spell: Mephitic Cloud
  1480 | D:2      | Reached skill level 1 in Air Magic
  2059 | D:2      | Reached skill level 5 in Spellcasting
  2168 | D:2      | Reached XP level 4. HP: 24/24 MP: 2/13
  2251 | D:2      | Learned a level 3 spell: Conjure Flame
  2880 | D:3      | Noticed Robin
  3014 | D:2      | Killed Robin
  3014 | D:2      | Reached skill level 1 in Poison Magic
  3126 | D:3      | Noticed Alarkh's ghost (amateur DsMo)
  3325 | D:3      | Reached XP level 5. HP: 28/28 MP: 9/14
  4156 | D:3      | Reached skill level 6 in Spellcasting
  4228 | D:3      | Noticed an ogre
  4236 | D:3      | Killed an ogre
  4236 | D:3      | Reached XP level 6. HP: 32/32 MP: 5/17
  4240 | D:3      | Learned a level 2 spell: Slow
  4935 | D:4      | Found Ytiziy's Jewellery Boutique.
  5426 | D:4      | Reached skill level 1 in Hexes
  5685 | D:4      | Found Qikikk's General Store.
  5690 | D:4      | Bought a scroll of identify for 24 gold pieces
  5857 | D:4      | Reached XP level 7. HP: 36/36 MP: 11/18
  5874 | D:5      | Entered Level 5 of the Dungeon
  5901 | D:5      | Got a pair of transparent boots
  5909 | D:5      | Identified the +2 pair of boots "Cinicrac" {-Cast rPois Str+6 Dex+2} (You found it on level 5 of the Dungeon)
  6170 | D:4      | Found a staircase to the Ecumenical Temple.
  6202 | Temple   | Entered the Ecumenical Temple
  6304 | Temple   | Became a worshipper of Sif Muna the Loreminder
  6599 | D:6      | Reached skill level 1 in Charms
  6630 | D:6      | Reached skill level 7 in Spellcasting
  6860 | D:6      | Shot with an arrow by a centaur

Skill      XL: |  1  2  3  4  5  6  7 |
---------------+----------------------+-----
Dodging        | 3 4 |  4.8
Stealth        | 3 4 |  4.4
Air Magic      | 1 2 3 |  3.2
Spellcasting   | 5 6 7 |  7.2
Poison Magic   | 1 2 |  2.5
Conjurations   | 2 3 |  3.1
Hexes          | 1 2 |  2.0
Charms         | 1 |  1.7
Summonings     | |  1.5
Translocations | |  1.1
Invocations    | |  0.7

Action                   |  1- 3 |  4- 6 |  7- 9 || total
-------------------------+-------+-------+-------++-------
Melee: Short sword       |       |    10 |       ||    10
       Dagger            |       |     8 |    13 ||    21
 Cast: Magic Dart        |    87 |   248 |    90 ||   425
       Repel Missiles    |     1 |     1 |     1 ||     3
       Call Imp          |     4 |       |       ||     4
       Mephitic Cloud    |     3 |     7 |     5 ||    15
       Conjure Flame     |       |     1 |     1 ||     2
       Blink             |       |     1 |       ||     1
  Use: Scroll            |       |     7 |       ||     7
 Stab: Confused          |       |     2 |       ||     2
  Eat: Chunk             |     4 |     9 |     4 ||    17
       Fruit             |       |       |     1 ||     1
Armor: Robe              |     1 |    16 |    12 ||    29
Dodge: Dodged            |     6 |    45 |    31 ||    82
       Deflected         |     1 |     1 |     3 ||     5
